 Dungeon Crawl Stone Soup version 0.28-a0-1087-gf3fc490d9d (webtiles) character file.

Game seed: 17662589813744870179

52 ders the Caller (level 3, -1/14 HPs)
             Began as a Felid Summoner on Dec 11, 2021.
             Slain by an adder (3 damage)
             ... on level 3 of the Dungeon.
             The game lasted 00:06:14 (2997 turns).

ders the Caller (Felid Summoner)                    Turns: 2997, Time: 00:06:15

Health: -1/14      AC:  1    Str:  4    XL:     3   Next: 60%
Magic:  1/8        EV: 18    Int: 18    God:
Gold:   27         SH:  0    Dex: 16    Spells: 1/7 levels left
                                        Lives:  0   Deaths: 0

rFire   . . .      SeeInvis +   (weapon unavailable)
rCold   . . .      Faith    .   (shield unavailable)
rNeg    . . .      Spirit   .   (armour unavailable)
rPois   .          Reflect  .   (helmet unavailable)
rElec   .          Harm     .   (cloak unavailable)
rCorr   .          Rampage  .   (gloves unavailable)
Will    .....                   (boots unavailable)
Stlth   ++........              (no amulet)
HPRegen 0.04/turn               (no ring)
MPRegen 0.11/turn               (no ring)

@: quick
A: very small, claws 1, fangs 3, see invisible, speed 1, shaggy fur 1, stealthy
paws, no weapons or thrown items, no armour, multi-lived
a: no special abilities


You were on level 3 of the Dungeon.
You visited 1 branch of the dungeon, and saw 3 of its levels.

You collected 27 gold pieces.

Inventory:

Scrolls
 a - a scroll of enchant armour {unknown}
 c - 3 scrolls of identify {unknown}
 d - a scroll of blinking {unknown}
 e - a scroll of noise {unknown}
 f - a scroll of holy word {unknown}
 i - a scroll of acquirement {unknown}
Potions
 b - a potion of degeneration {unknown}
 g - a potion of mutation {unknown}
 h - a potion of curing


   Skills:
 + Level 3.8 Dodging
 - Level 2.6 Stealth
 + Level 2.6 Spellcasting
 + Level 4.5 Summonings


You had one spell level left.
You knew the following spells:

 Your Spells              Type           Power      Damage    Failure   Level
a - Summon Small Mammal   Summ           72%        N/A       2%          1
b - Call Imp              Summ           18%        N/A       4%          2
c - Call Canine Familiar  Summ           18%        N/A       8%          3

Your spell library contained the following spells:

 Spells                   Type           Power      Damage    Failure   Level
 Beastly Appendage        Tmut           4%         N/A       17%         1
 Summon Guardian Golem    Hex/Summ       10%        N/A       21%         3
 Wereblood                Tmut           2%         N/A       26%         2
 Spider Form              Tmut/Pois      2%         N/A       45%         3
 Summon Lightning Spire   Summ/Air       10%        N/A       54%         4


Dungeon Overview and Level Annotations

Branches:
Dungeon (3/15)

Altars:

Annotations:
D:2 Crazy Yiuf


Innate Abilities, Weirdness & Mutations

You have sharp claws.
You have razor-sharp teeth.
You have supernaturally acute eyesight. (SInv)
You cover ground quickly. (Speed+)
You are covered in fur. (AC +1)
Your paws help you pounce on unaware monsters.
You are incapable of wielding weapons or throwing items.
You cannot wear armour.
You gain extra lives every three experience levels.


Message History

The adder misses you.
Your crimson imp hits the adder.
The adder bites you.
You are lethally poisoned!
The adder poisons you!
You barely miss the adder. You bite the adder, but do no damage.
The adder is heavily wounded.
You feel sick.
Your crimson imp barely misses the adder.
The adder closely misses you.
* * * LOW HITPOINT WARNING * * *
You feel sick.
Your crimson imp hits the adder.
The adder misses your crimson imp.
It was a potion of curing.
You feel better.
Your crimson imp closely misses the adder.
The adder completely misses your crimson imp.
You scratch the adder but do no damage.
The adder is severely wounded.
The adder bites you.
Your crimson imp barely misses the adder.
Okay, then.
You barely miss the adder.
The adder is severely wounded.
The adder completely misses you.
Your crimson imp hits the adder.
The adder barely misses you.
You miss the adder.
The adder is almost dead.
Your crimson imp barely misses the adder.
The adder misses you.
Casting: Call Imp (safe; 4% risk of failure)
Confirm with . or Enter, or press ? or * to list all spells.
The adder closely misses you.
Your crimson imp closely misses the adder.
The adder bites you.
Your crimson imp closely misses the adder.
Your quokka misses the adder. The adder bites you.
* * * LOW HITPOINT WARNING * * *
Unknown command.
Your crimson imp misses the adder.
Your quokka misses the adder.
Your crimson imp barely misses the adder.
The adder bites you.
You die...

## .# # ##########.#
##.#.....5.S..#
#...<....r..@##
#........###.#
.......?....# ...#
....#(.....$.......
####........##...##.
##.......###.## #
........# #.#
..###.#### #.#


You could see an adder (ally target), a friendly crimson imp (summoned) and a
friendly quokka (summoned).

Vanquished Creatures
  A dart slug (D:1)
  A ball python (D:1)
  A bat (D:2)
  2 frilled lizards (D:1)
  A kobold (D:1)
6 creatures vanquished.

Vanquished Creatures (collateral kills)
  An adder (D:2)
  A worm (D:2)
  A dart slug (D:1)
  6 bats
  3 giant cockroaches (D:1)
  2 goblins (D:1)
  2 hobgoblins
  5 jackals (D:1)
  5 ball pythons
  A kobold (D:1)
  3 rats
30 creatures vanquished.

Grand Total: 36 creatures vanquished

Notes
Turn   | Place    | Note
-------+----------+-------------------------------------------
     0 | D:1      | ders the Felid Summoner began the quest for the Orb.
     0 | D:1      | Reached XP level 1. HP: 7/7 MP: 4/4
   171 | D:1      | Reached XP level 2. HP: 8/11 MP: 4/6
   565 | D:1      | Learned a level 2 spell: Call Imp
  1394 | D:1      | Reached XP level 3. HP: 14/14 MP: 4/7
  1398 | D:1      | Learned a level 3 spell: Call Canine Familiar
  1860 | D:1      | Found a faded altar of an unknown god.
  2438 | D:2      | Found a runed translucent door.
  2439 | D:2      | Noticed Crazy Yiuf
  2997 | D:3      | Slain by an adder

Illustrated notes

Levels and vault maps discovered:
D:1:      eino_arrival_water_star, layout_basic,
          chequers_ecumenical_altar_grove, chequers_mini_garden, st_stairs_1,
          minivault_23
D:2:      layout_loops_ring, uniq_crazy_yiuf_cottage
D:3:      layout_loops_ring, uniq_grinder

Skill      XL: |  1 |
---------------+----+-----
Dodging        | 3 |  3.8
Stealth        | |  2.6
Spellcasting   | |  2.6
Summonings     | |  4.5

Action                   || total
-------------------------++-------
Melee: Unarmed           ||    44
       Bite              ||     6
 Cast: Summon Small Mamm ||    52
       Call Imp          ||    16
       Call Canine Famil ||     2
  Use: Potion            ||     1
Armor: Skin              ||     9
Dodge: Dodged            ||    82

Table legend: (Time is in decaauts)
 A = Elapsed time spent in this place.
 B = Non-inter-level travel time spent in this place.
 C = Inter-level travel time spent in this place.
 D = Time resting spent in this place.
 E = Time spent auto-exploring this place.
 F = Levels seen in this place.
 G = Mean time per level.
                   A        B        C        D        E       F      G
               +--------+--------+--------+--------+--------+-----+--------+
         Total |   2713 |   2641 |     72 |    672 |   1479 |   3 |  904.3 |
       Dungeon |   2713 |   2641 |     72 |    672 |   1479 |   3 |  904.3 |
               +--------+--------+--------+--------+--------+-----+--------+

Top non-repeatable levels by time:
     D:1: 1863 daAuts
     D:2: 830 daAuts
     D:3: 20 daAuts
